 Dungeon Crawl Stone Soup version 0.30.1-4-g462c640d31 (webtiles) character file.

Game seed: 16694652012636887303

26 Logoto the Firebug (level 2, -3/22 HPs)
             Began as a Draconian Fire Elementalist on Aug 16, 2023.
             Killed from afar by an orc wizard (7 damage)
             ... with a puff of flame
             ... on level 1 of the Dungeon.
             The game lasted 00:03:30 (1228 turns).

Logoto the Firebug (Draconian Fire Elementalist)    Turns: 1228, Time: 00:03:31

Health: -3/22      AC:  4    Str: 10    XL:     2   Next: 89%
Magic:  4/5        EV: 12    Int: 15    God:
Gold:   50         SH:  0    Dex: 11    Spells: 2/5 levels left

rFire   . . .        l - +0 hand axe
rCold   . . .        (no shield)
rNeg    . . .        (body armour unavailable)
rPois   .            (helmet restricted)
rElec   .            (no cloak)
rCorr   .            (no gloves)
SInv    .            (no boots)
Will    .....        (no amulet)
Stlth   ++           d - ring of flight
HPRegen 0.23/turn    (no ring)
MPRegen 0.09/turn

%: no passive effects
@: flying
A: AC +4, unfitting armour, cold-blooded
a: no special abilities


You were on level 1 of the Dungeon.
You visited 1 branch of the dungeon, and saw 2 of its levels.

You collected 50 gold pieces.

Inventory:

Hand Weapons
 f - a +0 short sword
 l - a +0 hand axe (weapon)
Jewellery
 d - a ring of flight (left hand)
 e - a ring of ice
Scrolls
 b - a scroll of teleportation {unknown}
 c - a scroll of identify {unknown}
 h - a scroll of immolation {unknown}
 i - a scroll of silence {unknown}
 j - a scroll of enchant armour {unknown}
 m - a scroll of blinking {unknown}
Potions
 a - a potion of magic
 g - a potion of degeneration {unknown}
 k - 2 potions of cancellation {unknown}


   Skills:
 + Level 0.7 Fighting
 + Level 2.0 Dodging
 + Level 2.2 Stealth
 + Level 2.2 Spellcasting
 + Level 1.0 Conjurations
 + Level 3.4 Fire Magic


You had 2 spell levels left.
You knew the following spells:

 Your Spells              Type           Power      Damage    Failure   Level
a - Foxfire               Conj/Fire      32%        2x1d5     9%          1
b - Scorch                Fire           22%        2d5       9%          2

Your spell library contained the following spells:

 Spells                   Type           Power      Damage    Failure   Level
 Summon Small Mammal      Summ           4%         N/A       22%         1
 Inner Flame              Hex/Fire       6%         N/A       32%         3
 Volatile Blastmotes      Fire/Tloc      12%        2d11      32%         3
 Call Canine Familiar     Summ           1%         N/A       54%         3
 Summon Guardian Golem    Hex/Summ       1%         N/A       54%         3
 Flame Wave               Conj/Fire      8%         2d5       65%         4
 Malign Gateway           Summ/Tloc      0%         N/A       100%        7
 Summon Horrible Things   Summ           0%         N/A       100%        8


Dungeon Overview and Level Annotations

Branches:
Dungeon (2/15)

Altars:


Innate Abilities, Weirdness & Mutations

Your plain brown scales are hard. (AC +4)
You cannot fit into any form of body armour.
You are cold-blooded and may be slowed by cold attacks.


Message History

The orc wizard attacks as you move away!
The orc wizard closely misses you.
The orc wizard is no longer more vulnerable to fire.
The orc wizard casts a spell at you.
You are more confused.
The orc wizard gestures wildly while chanting.
The orc wizard flickers and vanishes!
Deactivating autopickup; reactivate with Ctrl-A.
There is a stone staircase leading down, spattered with blood here.
You miss something. Something hits you but does no damage.
You're too confused to move!
You hear some strange, mumbled words.
A puff of flame appears from out of thin air!
The puff of flame misses you.
You're too confused to aim your attacks!
You're too confused to aim your attacks!
Something hits you.
There is a stone staircase leading down, spattered with blood here.
You barely miss something.
Your tail-slap misses something.
Something hits you but does no damage.
You completely miss something.
You hear some strange, mumbled words.
A magic dart appears from out of thin air!
The magic dart hits you. Something hits you. Something hits you.
Something completely misses you.
You bump into the rock wall.
You feel less confused. Something hits you but does no damage.
Something hits you but does no damage.
You hear some strange, mumbled words.
Something tries to affect you, but you resist.
You see here a +0 robe.
A puff of flame appears from out of thin air!
The puff of flame hits you!
Ouch! That really hurt!
* * * LOW HITPOINT WARNING * * *
A puff of flame appears from out of thin air!
The puff of flame hits you!
You die...

#######..####.####
#.#
#.........###.#
#.#
#.#######.>...#
#.# #.# #.....#
#.######## ######
#.###{# #.........
...# ### #.# #.#
########## ####
#.####.# #[#
#....#.# #.# ###
#......# #@# #.#
#......# #.#
..#######..### #.#
#.##<...#..# #.#
.###..8.'..# #.#
#.##..8.'.## #.#
##### ####..).#.#
#.# #####....
######.######.#
##...#.### ###
#...##.....#
##.###..# #


There were no monsters in sight!

Vanquished Creatures
  2 dart slugs (D:1)
  An orc (D:2)
  3 endoplasms (D:1)
  A hobgoblin (D:2)
  3 jackals (D:2)
  4 kobolds
  A ball python (D:1)
  3 bats
18 creatures vanquished.

Vanquished Creatures (others)
  15 foxfires
15 creatures vanquished.

Grand Total: 33 creatures vanquished

Notes
Turn   | Place    | Note
-------+----------+-------------------------------------------
     0 | D:1      | Logoto the Draconian Fire Elementalist began the quest for
                  | the Orb.
     0 | D:1      | Reached XP level 1. HP: 14/14 MP: 3/3
   301 | D:1      | Reached XP level 2. HP: 20/20 MP: 1/5
   381 | D:1      | Got the Vademecum on Accomplices
   411 | D:1      | Learned a level 2 spell: Scorch
  1228 | D:1      | Killed from afar by an orc wizard

Illustrated notes

Levels and vault maps discovered:
D:1:      sevenhm_arrival_forest_fort_small_6, layout_loops_ring
D:2:      layout_basic, chequers_ecumenical_altar_simple, serial_forest,
          infiniplex_forest_end_double, infiniplex_forest_straight_1,
          infiniplex_forest_straight_1, infiniplex_forest_lined_room_3

Skill      XL: |  1  2 |
---------------+-------+-----
Dodging        | 2 |  2.0
Stealth        | 2 |  2.2
Fighting       | |  0.7
Spellcasting   | |  2.2
Conjurations   | |  1.0
Fire Magic     | |  3.4

Action                     || total
---------------------------++-------
  Melee: Short sword       ||    14
         Unarmed           ||    10
         Tailslap          ||     3
         Hand axe          ||    14
   Cast: Foxfire           ||    11
         Scorch            ||     6
   Stab: Sleeping          ||     2
 Armour: Skin              ||    36
  Dodge: Dodged            ||    37
